 Dungeon Crawl Stone Soup version 0.20.0 (webtiles) character file.

95259 BarneyGumball the Peltast (level 15, -3/149 HPs)
             Began as a Troll Monk on June 6, 2017.
             Was an Elder of the Shining One.
             Succumbed to a redback's poison
             ... on level 4 of the Spider Nest.
             The game lasted 01:38:43 (23464 turns).

BarneyGumball the Peltast (Troll Monk)             Turns: 23464, Time: 01:38:43

Health: -3/149     AC: 14    Str: 32    XL:     15   Next: 65%
Magic:  23/23      EV:  9    Int:  6    God:    the Shining One [****..]
Gold:   931        SH: 28    Dex: 16    Spells: 12/14 levels left

rFire    + + .     SeeInvis +     - Unarmed
rCold    x . .     Gourm    +   v - +0 large shield
rNeg     + + .     Faith    .   t - +0 fire dragon scales
rPois    .         Spirit   .   (helmet restricted)
rElec    .         Reflect  +   N - +0 cloak {MR+}
rCorr    .         Harm     .   (gloves unavailable)
MR       ++...                  (boots unavailable)
Stlth    ..........             B - +6 amulet of reflection
Regen    0.8/turn               K - ring of see invisible
MPRegen  0.2/turn               I - +3 ring of strength

@: mighty, lethally poisoned (-3 -> -101), very slightly contaminated, hasted,
glowing, very quick
A: unfitting armour, claws 3, fast metabolism 3, gourmand, regeneration 1,
shaggy fur 1, tough skin 2
a: Divine Shield, Cleansing Flame, Renounce Religion


You were on level 4 of the Spider Nest.
You worshipped the Shining One.
The Shining One was greatly pleased with you.
You were not hungry.

You visited 5 branches of the dungeon, and saw 27 of its levels.
You also visited: Volcano.

You collected 2114 gold pieces.
You spent 1183 gold pieces at shops.

Inventory:

Hand Weapons
 a - a +4 scimitar of flaming
Missiles
 M - 7 large rocks (quivered)
Armour
 s - +0 ice dragon scales
 t - +0 fire dragon scales (worn)
 v - a +0 large shield (worn)
 N - a +0 cloak of magic resistance (worn)
Jewellery
 h - an uncursed ring of fire
 B - a +6 amulet of reflection (around neck)
 I - a +3 ring of strength (right claw)
 K - a ring of see invisible (left claw)
 T - an uncursed ring of protection from fire
Wands
 d - a wand of enslavement (3/24)
 x - a wand of flame (14/48)
 C - a wand of flame (22/48)
 S - a wand of lightning (12/15)
Scrolls
 g - 8 scrolls of remove curse
 i - a scroll of identify
 k - a scroll of torment {unknown}
 l - 12 scrolls of teleportation
 n - 3 scrolls of fog
 o - a scroll of enchant armour {unknown}
 y - a scroll of recharging
 z - a scroll of immolation
 D - 3 scrolls of summoning {unknown}
 F - 2 scrolls of amnesia
 G - 3 scrolls of magic mapping {unknown}
 Q - a scroll of enchant weapon
 R - a scroll of vulnerability {unknown}
Potions
 e - a potion of ambrosia {unknown}
 f - 2 potions of mutation
 m - 2 potions of brilliance
 p - a potion of flight
 q - 2 potions of cancellation
 r - 2 potions of might
 E - 3 potions of agility
 J - 2 potions of lignification
 P - 3 potions of resistance
Comestibles
 b - 11 bread rations
 j - 7 meat rations
 w - 4 royal jellies
 A - 39 fruits


   Skills:
 + Level 10.2 Fighting
 + Level 5.3 Armour
 - Level 2.5 Dodging
 - Level 1.0 Stealth
 - Level 15.1 Shields
 - Level 11.0 Unarmed Combat
 * Level 12.3 Invocations


You had 12 spell levels left.
You knew the following spells:

 Your Spells              Type           Power        Failure   Level  Hunger
a - Apportation           Tloc           #.....       71%         1    ##.....
b - Summon Butterflies    Summ           #.......     71%         1    ##.....


Dungeon Overview and Level Annotations

Branches:
Dungeon (15/15)            Temple (1/1) D:4            Lair (5/6) D:11
  Swamp (0/4) Lair:3       Spider (4/4) Lair:2          Orc (2/2) D:10
    Elf (0/3) Orc:2        Depths (0/5) D:15
  Slime: Lair:5-6    Vaults: D:13-14

Altars:
Ashenzari
Cheibriados
Dithmenos
Elyvilon
Fedhas
Gozag
Hepliaklqana
Kikubaaqudgha
Makhleb
Nemelex Xobeh
Okawaru
Qazlal
Ru
Sif Muna
Trog
Uskayaw
Vehumet
Xom
Yredelemnul
Zin
The Shining One
Beogh
Lugonu

Shops:
D:4 *=*}   D:7 (   D:9 *   D:12 }   Orc:1 (   Orc:2 *!:}

Annotations:
D:4 1 runed door, exclusion: door
D:8 Gastronok


Innate Abilities, Weirdness & Mutations

You are too large for most types of armour.
You have claws for hands.
Your metabolism is lightning-fast.
You like to eat raw meat.
Your natural rate of healing is unusually fast.
You are covered in fur. (AC +1)
You have very tough skin. (AC +2)


Message History

The redback poisons you!
You see here a wolf spider corpse.
You're too confused!
You feel yourself speed up.
You feel less confused.
* * * LOW HITPOINT WARNING * * *
You feel extremely sick.
You block the wolf spider's attack. x2; The redback barely misses you.
* * * LOW HITPOINT WARNING * * *
You feel very sick.
Unknown command.
Okay, then.
Okay, then.
Okay, then.
Okay, then.
Blink to where?
Press: ? - help, Dir - move target cursor You are very lightly contaminated with residual magic.
As you read the scroll of blinking, it crumbles to dust.
You die...

#≈≈≈≈..#...#^.#^.....## ≈≈≈≈###
###≈≈≈≈.#....#...........
≈≈≈≈≈≈###≈≈≈≈≈≈.^..#..#..........
≈≈≈≈≈≈≈≈≈≈≈≈≈≈##≈^^#^.....^#.....
.≈≈≈≈≈≈≈≈≈≈≈≈≈^.#..#..#..#..#...#
...≈≈≈≈≈≈≈≈≈≈...^..^..........#.^
.....^.........^.#.#......^......
.........#........###...(##......
........s§..†..^@...#.#.....#..<^
........s^...............#...####
....^≈≈#..^.^^...#^#...#.#..## .
.^#^.#...#^≈#^#≈#..#.....#...# #
.^^#..^.^≈#≈.≈≈^^###.....#..## #
####.######..##### ##......##
##.# #.## #..#...# ###..# ..#
####...# #.^.## #.## #...#


There were no monsters in sight!

Vanquished Creatures
  Arachne (Spider:2)
  Agnes (D:15)
  A fire giant (D:15)
  2 ghost moths (Spider:2)
  Louise (D:15)
  An orc warlord (Orc:2)
  A fire dragon (Volcano)
  2 ogre magi (Orc:2)
  A catoblepas (D:12)
  10 two-headed ogres
  Erica (Lair:2)
  2 centaur warriors
  5 hydras
  A tengu warrior (D:15)
  Nergalle (Lair:2)
  The ghost of enarc13 the Covert, a journeyman FeEn of Dithmenos (Volcano)
  4 skeletal warriors
  2 unseen horrors
  2 deep trolls (Orc:2)
  3 deep elf magi
  9 orb spiders
  An orc knight (Orc:2)
  An orc sorcerer (Orc:2)
  16 wolf spiders
  4 cyclopes
  2 ugly things
  2 elephants (Lair:4)
  2 centaur zombies
  2 manticores
  Joseph (D:8)
  The ghost of YTcomUltraviolent4 the Chopper, a novice DDFi (D:6)
  Maurice (D:12)
  A molten gargoyle (Volcano)
  2 black mambas (Lair:2)
  3 gargoyles
  5 spiny frogs
  3 demonic crawlers
  3 komodo dragons
  12 trolls
  A tengu conjurer (D:14)
  11 jumping spiders
  6 hornets
  A queen bee (shapeshifter) (D:15)
  4 blink frogs
  10 slime creatures (D:12)
  8 hippogriffs
  A shadow (D:14)
  48 redbacks
  4 wyverns
  13 tarantellas
  A wraith (D:9)
  5 fire bats (Volcano)
  9 yaks
  A hungry ghost (D:15)
  4 vampire mosquitoes (D:13)
  5 wargs
  3 acid dragons
  6 water moccasins
  4 hell hounds
  23 orc warriors
  5 porcupines
  6 ice beasts
  4 sky beasts
  2 eyes of draining
  3 wolves (Lair:3)
  A phantom (D:10)
  A black bear (D:8)
  20 centaurs
  28 ogres
  8 crocodiles
  3 big kobolds
  19 bullfrogs
  A gnoll sergeant (D:10)
  7 scorpions
  3 killer bees
  4 wights (D:12)
  6 howler monkeys
  2 crimson imps
  A bullfrog zombie (D:10)
  4 jellies
  11 hounds
  19 orc wizards
  3 bullfrog skeletons
  11 orc priests
  3 centaur skeletons
  7 iguanas
  6 worker ants
  A hound zombie (D:3)
  A hound skeleton (D:5)
  3 worker ant zombies
  10 adders
  7 gnolls
  3 shadow imps
  An ooze (D:6)
  An adder skeleton (D:4)
  3 worms
  2 dart slugs (D:2)
  4 leopard geckos
  82 orcs
  A ball python (D:1)
  16 bats
  5 giant cockroaches
  8 goblins
  9 hobgoblins
  16 jackals
  7 quokkas
  8 frilled lizards
  A giant cockroach zombie (D:6)
  14 kobolds
  A quokka skeleton (D:3)
  3 rats
677 creatures vanquished.

Vanquished Creatures (collateral kills)
  2 entropy weavers
  An orb spider (Spider:3)
  A jumping spider (Spider:3)
  4 redbacks
8 creatures vanquished.

Vanquished Creatures (others)
  A hell hog (Volcano)
  A manticore (D:14)
  A human (D:14)
  7 centaurs
  An orc wizard (D:4)
  4 orcs (Orc:2)
  A fungus (Lair:3)
  A plant (Lair:2)
17 creatures vanquished.

Grand Total: 702 creatures vanquished

Notes
Turn   | Place    | Note
-------+----------+-------------------------------------------
     0 | D:1      | BarneyGumball the Troll Monk began the quest for the Orb.
     0 | D:1      | Reached XP level 1. HP: 22/22 MP: 0/0
   195 | D:1      | Reached XP level 2. HP: 27/29 MP: 1/1
   553 | D:2      | Reached XP level 3. HP: 36/36 MP: 2/2
   793 | D:2      | Found a bloodstained altar of Trog.
   801 | D:2      | Reached skill level 5 in Unarmed Combat
   801 | D:2      | Reached XP level 4. HP: 33/44 MP: 3/3
  1007 | D:2      | Found a shimmering altar of Xom.
  1353 | D:3      | Found a sparkling altar of Nemelex Xobeh.
  1357 | D:3      | Reached XP level 5. HP: 47/50 MP: 4/4
  1551 | D:3      | Found a sacrificial altar of Ru.
  1552 | D:3      | Found a hazy altar of Hepliaklqana.
  1616 | D:3      | Found an ancient bone altar of Kikubaaqudgha.
  1936 | D:4      | Found Rachiac's Assorted Antiques.
  2095 | D:4      | Found a runed door.
  2193 | D:4      | Found Dodoply's Assorted Antiques.
  2276 | D:4      | Reached XP level 6. HP: 32/59 MP: 5/5
  2404 | D:4      | Found Vyxi's Gadget Shoppe.
  2509 | D:4      | Found Bouler's Jewellery Emporium.
  2591 | D:4      | Found a staircase to the Ecumenical Temple.
  2597 | Temple   | Entered the Ecumenical Temple
  2634 | Temple   | Became a worshipper of the Shining One
  2634 | Temple   | Reached * piety under the Shining One
  2634 | Temple   | Reached ** piety under the Shining One
  2729 | D:4      | Found a deep blue altar of Sif Muna.
  2937 | D:5      | Entered Level 5 of the Dungeon
  3013 | D:5      | Found a white marble altar of Elyvilon.
  3598 | D:5      | Found a sparkling altar of Nemelex Xobeh.
  3752 | D:6      | Reached XP level 7. HP: 66/66 MP: 6/6
  3817 | D:6      | Noticed YTcomUltraviolent4's ghost (novice DDFi)
  4107 | D:6      | Found a shattered altar of Ashenzari.
  4435 | D:7      | Found Qedowuef's Weapon Shop.
  4479 | D:7      | Reached XP level 8. HP: 70/74 MP: 7/7
  4508 | D:7      | Found a burning altar of Makhleb.
  4520 | D:7      | Reached skill level 10 in Unarmed Combat
  5055 | D:6      | Killed YTcomUltraviolent4's ghost
  5055 | D:6      | Reached skill level 2 in Shields
  5114 | D:6      | Reached *** piety under the Shining One
  5149 | D:7      | Reached XP level 9. HP: 40/83 MP: 8/8
  5261 | D:7      | Reached skill level 3 in Shields
  5947 | D:8      | Noticed a centaur warrior
  5949 | D:8      | Noticed a two-headed ogre
  6008 | D:8      | Noticed Joseph
  6008 | D:8      | Reached skill level 4 in Shields
  6025 | D:8      | Killed Joseph
  6134 | D:8      | Reached skill level 5 in Shields
  6146 | D:8      | Noticed a troll
  6220 | D:7      | Killed a troll
  6375 | D:8      | Reached skill level 5 in Fighting
  6375 | D:8      | Reached skill level 6 in Shields
  6427 | D:8      | Noticed Gastronok
  6466 | D:8      | Noticed a two-headed ogre
  6473 | D:8      | Killed a two-headed ogre
  6473 | D:8      | Reached XP level 10. HP: 46/96 MP: 9/9
  6827 | D:9      | Reached skill level 7 in Shields
  6960 | D:9      | Found Hiaty's General Store.
  7039 | D:9      | Learned a level 1 spell: Apportation
  7271 | D:9      | Found a sacrificial altar of Ru.
  7408 | D:10     | Entered Level 10 of the Dungeon
  7549 | D:10     | Reached skill level 8 in Shields
  7672 | D:10     | Reached **** piety under the Shining One
  7982 | D:10     | Noticed a two-headed ogre
  8091 | D:10     | Killed a two-headed ogre
  8115 | D:10     | Found a roughly hewn altar of Beogh.
  8117 | D:10     | Reached skill level 9 in Shields
  8117 | D:10     | Reached XP level 11. HP: 107/107 MP: 10/10
  8429 | D:10     | Found a staircase to the Orcish Mines.
  8479 | D:10     | Learned a level 1 spell: Summon Butterflies
  8815 | D:11     | Found a staircase to the Lair.
  8995 | Lair:1   | Entered Level 1 of the Lair of Beasts
  9082 | Lair:1   | Noticed a five-headed hydra
  9559 | D:4      | Bought a +6 amulet of reflection for 643 gold pieces
 10157 | Lair:1   | Reached skill level 10 in Shields
 10379 | Lair:2   | Noticed Nergalle
 10397 | Lair:2   | Killed Nergalle
 10429 | Lair:2   | Reached skill level 11 in Shields
 10700 | Lair:2   | Found a hole to the Spider Nest.
 10702 | Lair:2   | Noticed a wolf spider
 10736 | Lair:2   | Killed a wolf spider
 10837 | Lair:2   | Noticed Erica
 10878 | Lair:2   | Killed Erica
 10878 | Lair:2   | Reached XP level 12. HP: 99/118 MP: 11/11
 11161 | Lair:3   | Noticed an eight-headed hydra
 11170 | Lair:3   | Killed an 11-headed hydra
 11170 | Lair:3   | Reached skill level 12 in Shields
 11314 | Lair:3   | Found a staircase to the Swamp.
 11333 | Lair:3   | Found a dark tunnel.
 11340 | Volcano  | Entered a volcano
 11400 | Volcano  | Found a radiant altar of Vehumet.
 11400 | Volcano  | Noticed a hell hog
 11400 | Volcano  | Reached ***** piety under the Shining One
 11402 | Volcano  | Noticed a fire dragon
 11415 | Volcano  | Killed a hell hog
 11425 | Volcano  | Killed a fire dragon
 11430 | Volcano  | Noticed enarc13's ghost (journeyman FeEn)
 11436 | Volcano  | Killed enarc13's ghost
 11503 | Volcano  | Reached skill level 13 in Shields
 12083 | Lair:4   | Noticed an eight-headed hydra
 12449 | Lair:4   | Reached skill level 1 in Invocations
 12699 | Lair:5   | Noticed a six-headed hydra
 13107 | D:11     | HP: 5/118 [ten-headed hydra (9)]
 13325 | Orc:1    | Entered Level 1 of the Orcish Mines
 13595 | Orc:1    | Found Riri's Antique Weapon Shop.
 13843 | Orc:2    | Entered Level 2 of the Orcish Mines
 14240 | Orc:2    | Found a staircase to the Elven Halls.
 14251 | Orc:2    | Noticed a two-headed ogre
 14286 | Orc:2    | Found a burning altar of Makhleb.
 14386 | Orc:2    | Noticed a two-headed ogre
 14392 | Orc:2    | Killed a two-headed ogre
 14444 | Orc:2    | Reached XP level 13. HP: 124/124 MP: 14/14
 14445 | Orc:2    | Paralysed by an orc sorcerer for 3 turns
 14522 | Orc:2    | Reached skill level 14 in Shields
 14848 | Orc:2    | Found Zapsitsa's Distillery.
 14851 | Orc:2    | Found Qeij's Gadget Shoppe.
 14858 | Orc:2    | Found Vous's General Store.
 15091 | Orc:2    | Reached skill level 5 in Invocations
 15246 | Orc:2    | Bought a potion of heal wounds for 60 gold pieces
 15246 | Orc:2    | Bought a potion of agility for 48 gold pieces
 15246 | Orc:2    | Bought 2 potions of agility for 96 gold pieces
 15246 | Orc:2    | Bought a potion of might for 48 gold pieces
 15246 | Orc:2    | Bought 2 potions of might for 96 gold pieces
 15246 | Orc:2    | Bought 2 potions of cancellation for 192 gold pieces
 15249 | Orc:2    | Found Fopteulu's Book Emporium.
 15612 | Orc:2    | Noticed an orc warlord
 15641 | Orc:2    | Killed an orc warlord
 15641 | Orc:2    | Reached skill level 15 in Shields
 16155 | D:12     | Noticed Maurice
 16176 | D:12     | Killed Maurice
 16252 | D:12     | HP: 6/126 [very large slime creature (56)]
 16562 | D:12     | Found Jinuruy's Gadget Shop.
 17002 | D:12     | Found a corrupted altar of Lugonu.
 17206 | D:13     | Reached XP level 14. HP: 135/135 MP: 18/18
 19084 | D:14     | Reached ****** piety under the Shining One
 19215 | D:15     | Entered Level 15 of the Dungeon
 19305 | D:15     | Noticed Agnes
 19322 | D:15     | Killed Agnes
 19322 | D:15     | Reached skill level 1 in Armour
 19383 | D:15     | Found a staircase to the Depths.
 19383 | D:15     | Noticed a fire giant
 19494 | D:15     | Killed a fire giant
 19494 | D:15     | Reached skill level 10 in Invocations
 19983 | D:15     | Noticed Louise
 19994 | D:15     | Killed Louise
 20296 | Spider:1 | Entered Level 1 of the Spider Nest
 20824 | Spider:2 | Noticed a ghost moth
 20836 | Spider:2 | Killed a ghost moth
 21030 | Spider:1 | Reached XP level 15. HP: 104/148 MP: 22/22
 22140 | Spider:3 | Noticed Arachne
 22159 | Spider:2 | Killed Arachne
 22180 | Spider:2 | Noticed a ghost moth
 22186 | Spider:2 | Killed a ghost moth
 22329 | Spider:2 | Reached skill level 10 in Fighting
 22588 | Spider:4 | Entered Level 4 of the Spider Nest
 23012 | Spider:3 | Reached skill level 5 in Armour
 23462 | Spider:4 | HP: 7/149 [poisoned by a redback]
 23463 | Spider:4 | HP: 1/149 [poisoned by a redback]
 23464 | Spider:4 | Succumbed to a redback's poison

Skill      XL: |  1  2  3  4  5  6  7  8  9 10 11 12 13 14 15 |
---------------+----------------------------------------------+-----
Unarmed Combat | 4 5 6 8 9 11 | 11.0
Fighting       | 3 5 6 7 9 10 | 10.2
Shields        | 2 6 9 11 13 15 | 15.1
Invocations    | 3 7 10 12 | 12.3
Armour         | 3 5 |  5.3
Dodging        | |  2.5
Stealth        | |  1.0

Action                   |  1- 3 |  4- 6 |  7- 9 | 10-12 | 13-15 || total
-------------------------+-------+-------+-------+-------+-------++-------
Melee: Unarmed           |   107 |   182 |   198 |   673 |  1066 ||  2226
       Punch             |     1 |     7 |    12 |     8 |       ||    28
       Scimitar          |       |       |       |       |    19 ||    19
Throw: Large rock        |       |       |       |     4 |    43 ||    47
Invok: Divine Shield     |       |       |       |     1 |     5 ||     6
       Summon Divine War |       |       |       |       |     3 ||     3
Evoke: Wand              |       |       |       |    13 |       ||    13
  Use: Scroll            |       |     7 |     9 |     4 |     6 ||    26
       Potion            |       |       |     2 |    10 |    19 ||    31
 Stab: Sleeping          |       |     2 |       |       |       ||     2
  Eat: Chunk             |    13 |    12 |    30 |    76 |    71 ||   202
       Fruit             |       |     3 |       |       |     2 ||     5
       Meat ration       |       |     1 |       |       |       ||     1
       Royal jelly       |       |       |       |       |     2 ||     2
Armor: Robe              |    38 |    59 |    29 |    19 |     2 ||   147
       Ice dragon scales |       |       |    30 |   158 |       ||   188
       Fire dragon scale |       |       |       |       |   257 ||   257
Dodge: Dodged            |    49 |    69 |    72 |   156 |   220 ||   566
Block: Large shield      |       |       |       |   509 |  1426 ||  1935
       Other             |       |       |       |     2 |       ||     2
       Reflection        |       |       |       |    11 |    85 ||    96
